[Event "LV Capablanca Memorial Elite 2022"]
[Site "La Habana"]
[Date "2022.04.21"]
[Round "3.2"]
[White "Albornoz Cabrera, Carlos Daniel"]
[Black "Ganguly, Surya Shekhar"]
[Result "0-1"]
[ECO "C70"]
[WhiteElo "2567"]
[BlackElo "2627"]
[Annotator "TA"]
[PlyCount "112"]
[EventDate "2022.04.20"]
[EventType "tourn"]
[EventCountry "CUB"]
[SourceTitle "playchess.com"]
[Source "ChessBase"]
[SourceQuality "1"]
[TimeControl "40/5400+30:1800+30"]

1. e4 e5 2. Nf3 Nc6 3. Bb5 a6 4. Ba4 f5 5. d4 exd4 6. e5 b5 7. Bb3 Bb7 8. O-O Na5 $1 9. Nxd4 c5 10. Nxf5 c4 11. Re1 Qb6 $1 (11... cxb3 $2 12. axb3 Qb6 13. Qh5+ Qg6 14. Qxg6+ (14. Nd6+ Bxd6 15. Qxg6+ hxg6 $16) 14... hxg6 15. Nd6+ Bxd6 16. exd6+ Kf7 17. Rxa5 $16) 12. Nd6+ (12. Be3 Qg6 13. g4 (13. Nh4 Qe6 $17) 13... h5 $19) (12. Nc3 $5 ) 12... Bxd6 13. Qh5+ (13. Qxd6 Qxd6 14. exd6+ Kf7 $17) 13... Kd8 $1 14. exd6 Nf6 15. Bg5 (15. Qf7 Qxd6 16. Bd2 (16. Qxg7 $2 Rg8 $19) 16... Nc6 17. Bxc4 (17. Qxg7 $2 Rg8 $19) 17... bxc4 $17) ({Better is} 15. Qg5 $14) 15... Kc8 16. Qh3 Ne4 (16... Nxb3 $2 17. axb3 cxb3 18. cxb3 $18) 17. Be3 $1 Qxd6 18. f3 $1 Nf6 (18... cxb3 19. axb3 Nf6 20. Rxa5 $11) 19. Nc3 Re8 20. Rad1 Qc7 21. Bf2 Rxe1+ 22. Rxe1 Bc6 $1 23. Bg3 Qb6+ 24. Bf2 Qc7 25. Bg3 Qd8 26. Qf5 Kb7 27. Qg5 Rc8 28. Bf2 Nd5 29. Qe5 (29. Qxd8 Rxd8 30. Ne4 d6 $17) 29... Qf6 30. Nxd5 (30. Qe2 {seems wilder.} Nxc3 31. Qe3 Rf8 32. Qb6+) 30... Qxe5 31. Rxe5 cxb3 32. axb3 Bxd5 33. Rxd5 Rxc2 34. h4 Kc6 (34... Nxb3 $11 35. Rxd7+ Rc7) 35. Rg5 (35. Rh5 $1 $14) 35... Nxb3 (35... g6 $11 36. b4 Nb3) 36. Rxg7 $14 d5 (36... Rc1+ $11 37. Kh2 Rc2) 37. Rxh7 d4 38. Rh6+ (38. Bg3 $1 $16 {Black must now prevent Rc7+.} d3 39. Rc7+ Kd5 40. Rd7+ Kc4 41. Rc7+ Kd5 42. Rd7+ Kc4 43. Rc7+ Kd5) 38... Kd5 $14 39. Rh8 (39. Rxa6 $6 d3 40. Be3 Rxb2 $11) (39. Bg3 $16) 39... d3 $11 (39... Rxb2 40. h5 Ke6 41. h6 $16) 40. Rd8+ Kc4 41. Be3 Re2 $1 (41... Rxb2 $2 42. h5 Re2 43. h6 $1 Rxe3 44. h7 Re1+ 45. Kh2 $18) (41... d2 $2 42. Kh2 $18 (42. Kf1 $2 Rc1+ 43. Kf2 d1=Q $19)) 42. Rc8+ Kb4 43. Re8 $2 {[%emt 0:00:18] [#]} (43. Bf4 $11) 43... Rxb2 $2 (43... Ka4 $1 $19 {And now ...b4 would win.} 44. Re4+ b4) 44. Rd8 $2 {[%emt 0:08:13][%mdl 8192] [#]} (44. h5 $17 {was forced.} d2 45. Bxd2+ Rxd2 46. h6) 44... Re2 $1 $19 45. Bg5 ({Reject} 45. Rxd3 Kc4 46. Rd1 Rxe3 $19) 45... d2 46. Kh2 $2 (46. h5 Re5 47. Bxd2+ Nxd2 48. Rxd2 Rxh5 49. g4) 46... Kc4 $19 47. Rc8+ Kd3 48. Rd8+ Kc4 (48... Kc2 $142 49. Rc8+ Kb1) 49. Rc8+ $1 $19 Nc5 50. Rd8 Nd3 51. Bxd2 Rxd2 52. h5 Re2 53. h6 Re6 54. Rh8 b4 55. g4 b3 56. Rc8+ Nc5 0-1

[Event "LV Capablanca Memorial Elite 2022"]
[Site "La Habana"]
[Date "2022.04.21"]
[Round "3.3"]
[White "Almeida Quintana, Omar"]
[Black "Durarbayli, Vasif"]
[Result "1/2-1/2"]
[ECO "E65"]
[WhiteElo "2535"]
[BlackElo "2615"]
[Annotator "TA"]
[PlyCount "53"]
[EventDate "2022.04.20"]
[EventType "tourn"]
[EventCountry "CUB"]
[SourceTitle "playchess.com"]
[Source "ChessBase"]
[SourceQuality "1"]
[TimeControl "40/5400+30:1800+30"]

1. d4 Nf6 2. Nf3 g6 3. g3 Bg7 4. Bg2 O-O 5. c4 c5 6. O-O cxd4 7. Nxd4 Nc6 8. Nc3 d6 9. Nxc6 bxc6 10. Bxc6 Rb8 11. Bg2 Qa5 12. Qd2 $1 {[%emt 0:01:55][%mdl 4] is currently scoring better than 12.Nb5. E65: King's Indian: Fianchetto: 6...c5 7 0-0 without d5 by White.} Ng4 13. Nd5 Qxd2 14. Nxe7+ {[%emt 0:00:07] White is slightly better.} Kh8 15. Bxd2 {[%emt 0:00:08] Black must now prevent Rab1.} Rxb2 16. Bf4 (16. Rad1 Be6 $11) 16... Be6 {[%emt 0:04:26] [#]} (16... Rxe2 $2 17. Nxc8 (17. Rae1 Rxe1 18. Rxe1 Bd4 $14) 17... Bxa1 18. Rxa1 (18. Bf3 Rxf2 19. Bxg4 Rxf1+ 20. Kxf1 f5 $19) 18... Rxc8 19. Bf3 Rxf2 20. Bxg4 Rxf4 21. Bxc8 $18 (21. gxf4 Rxc4 22. Rf1 Ra4 $16)) 17. Bd5 $146 ({Predecessor:} 17. Bxd6 Bxc4 18. h3 Nf6 19. Rfc1 Bxe2 20. Nc8 Re8 21. Bf4 a6 22. Nd6 Rf8 23. Rab1 Rxa2 {1-0 (61) Kruk,G (1444)-Stasilo,T (1546) LSS email 2016}) 17... Ne5 18. Bxe5 Bxe5 19. Nc6 Bxd5 20. cxd5 Rxe2 21. Rfe1 Rd2 22. Red1 Re2 23. Kf1 Re4 24. Rab1 Ra4 25. Rd2 Kg7 26. Rb7 a6 (26... g5 $11) 27. f4 {[%emt 0:01:26] Weighted Error Value: White=0.07 (flawless) /Black=0.11 (very precise)} ({But not} 27. Nxe5 dxe5 28. Rd7 Kf6 $11) 1/2-1/2

[Event "LV Capablanca Memorial Elite 2022"]
[Site "La Habana"]
[Date "2022.04.21"]
[Round "3.4"]
[White "Niemann, Hans Moke"]
[Black "Mareco, Sandro"]
[Result "1-0"]
[ECO "E36"]
[WhiteElo "2642"]
[BlackElo "2643"]
[Annotator "TA"]
[PlyCount "51"]
[EventDate "2022.04.20"]
[EventType "tourn"]
[EventCountry "CUB"]
[SourceTitle "playchess.com"]
[Source "ChessBase"]
[SourceQuality "1"]
[TimeControl "40/5400+30:1800+30"]

1. d4 Nf6 2. c4 e6 3. Nc3 Bb4 4. Qc2 d5 5. a3 Bxc3+ 6. Qxc3 dxc4 7. Qxc4 b6 {[%emt 0:01:37] E36: Nimzo-Indian: Classical: 4...d5 5 a3.} 8. Bf4 Ba6 9. Qxc7 Qd5 {[%emt 0:00:30] White has an edge.} 10. Qc4 Qd8 $2 (10... Qxc4 $19 11. Rd1 Qc2) 11. Qc7 {[%emt 0:00:00] &Bianco is more active.} (11. Qa4+ $16 Qd7 12. Qxd7+ Nbxd7 13. O-O-O) 11... Qd5 $14 12. Qd6 ({Don't go for} 12. Bd6 $2 Nc6 13. Bb4 Rc8 $19) 12... Qa5+ 13. Qb4 {[%emt 0:02:14] Hoping for Qxa5.} (13. b4 $5 Qa4 14. f3 $11) 13... Nc6 {[%emt 0:00:04][%csl LRb4,LRd4][%mdl 64] Pin} 14. Qxa5 Nxa5 15. O-O-O {[%emt 0:16:07][%cal Be1c1,Bc1b1,Bb1a1][%mdl 32] [#]} Bb5 $146 ({Predecessor:} 15... Rc8+ 16. Kb1 Nb3 17. Nf3 Ne4 18. e3 Bb7 19. Bb5+ Ke7 20. Bg3 g5 21. Ba4 Bd5 22. Bxb3 Bxb3 23. Rc1 h5 {0-1 (53) Hilverda,A (2333)-Heimann,A (2490) Nuremberg 2012}) 16. e3 Rc8+ 17. Kb1 Ba4 {[%emt 0:00:06] [#]} 18. Ba6 $1 Bc2+ 19. Ka1 {[%emt 0:00:22] Threatens to win with Re1.} Rc6 {[%emt 0:00:08] [#]} (19... Bxd1 $11 {keeps the balance.} 20. Bxc8 Nb3+ 21. Ka2 Nd2) 20. Ne2 (20. Nf3 $1 $16) 20... Bxd1 (20... Ba4 $14) 21. Rxd1 $16 Ne4 (21... Kd7 $16 22. Bb5 Ra8) 22. f3 {[%emt 0:06:15] White is clearly better.} Nd6 23. d5 exd5 24. Nd4 {[%emt 0:00:12] Inhibits b5.} ({Don't play} 24. Rxd5 Nab7 $16) 24... Kd7 25. Nxc6 Kxc6 26. e4 $1 {[%emt 0:01:45] Weighted Error Value: White=0.65/Black=0.55} 1-0

[Event "LV Capablanca Memorial Elite 2022"]
[Site "La Habana"]
[Date "2022.04.21"]
[Round "3.5"]
[White "Quesada Perez, Luis Ernesto"]
[Black "Ortiz Suarez, Isan Reynaldo"]
[Result "1/2-1/2"]
[ECO "B22"]
[WhiteElo "2517"]
[BlackElo "2531"]
[Annotator "TA"]
[PlyCount "96"]
[EventDate "2022.04.20"]
[EventType "tourn"]
[EventCountry "CUB"]
[SourceTitle "playchess.com"]
[Source "ChessBase"]
[SourceQuality "1"]
[TimeControl "40/5400+30:1800+30"]

1. e4 c5 2. c3 Nf6 3. e5 Nd5 4. Bc4 Nb6 5. Bb3 d6 6. exd6 Qxd6 7. Na3 a6 8. Nf3 Nc6 9. O-O e6 10. d4 cxd4 11. cxd4 Be7 12. Be3 O-O {[%emt 0:00:07] B22: Sicilian: 2 c3.} 13. Ne5 Nd5 14. Nac4 Qd8 {[%emt 0:01:33] [#] The position is equal.} 15. Qf3 $146 ({Predecessor:} 15. Nxc6 bxc6 16. Ne5 Bb7 17. Rc1 Rc8 18. Qd3 Bd6 19. Ba4 Nxe3 20. Qxe3 Qa5 21. Nc4 {½-½ (83) Pirrot,D (2450)-Fridman,R (2378) Germany 2002}) 15... Bd7 16. Nxd7 Qxd7 17. Rfd1 Rfd8 18. g3 Rac8 19. h4 Bf6 20. Qe4 (20. Ne5 $5 Bxe5 21. dxe5 $11) 20... Qe7 21. Rac1 Rc7 22. Ne5 (22. a3 $11 {keeps the balance.}) 22... Nxe3 $17 23. Qxe3 {[%emt 0:10:50] [#]} Nxd4 $1 24. Rxc7 Qxc7 25. Rxd4 Rxd4 26. Qxd4 {[%emt 0:00:06] Black must now prevent f4.} Bxe5 27. Qd2 g6 28. h5 Qb6 29. Qd7 gxh5 ({Much less strong is} 29... Bxg3 30. Qc8+ Kg7 31. Qc3+ Kg8 32. Qxg3 $16) (29... Bd4 $17 30. Kg2 Bc5) 30. Bd1 $1 $15 {[%emt 0:00:03] Black is slightly better.} Qc7 ({Don't take} 30... Bxg3 31. Qc8+ Kg7 32. Qc3+ Kf8 33. Qxg3 $14) 31. Qxc7 Bxc7 32. Bxh5 {[%emt 0:00:08][%mdl 4096] Endgame KB-KB} Be5 33. Bf3 b6 34. b4 Bc3 35. Bb7 Bxb4 36. Bxa6 Kg7 37. g4 Kf6 38. Kg2 Kg5 39. f3 Kf4 40. Bb7 Ba3 41. Bc6 f5 42. gxf5 exf5 43. Bb7 b5 44. Bc6 b4 $1 45. Bb7 Bb2 46. Bc6 h5 47. Bb7 h4 48. Bc6 Bc3 {[%emt 0:00:21] Weighted Error Value: White=0.07 (flawless) /Black=0.03 (flawless)} 1/2-1/2

[Event "LV Capablanca Memorial Elite 2022"]
[Site "La Habana"]
[Date "2022.04.22"]
[Round "4.1"]
[White "Yilmaz, Mustafa"]
[Black "Ortiz Suarez, Isan Reynaldo"]
[Result "1-0"]
[ECO "D36"]
[WhiteElo "2627"]
[BlackElo "2531"]
[Annotator "TA"]
[PlyCount "115"]
[EventDate "2022.04.20"]
[EventType "tourn"]
[EventCountry "CUB"]
[SourceTitle "playchess.com"]
[Source "ChessBase"]
[SourceQuality "1"]
[TimeControl "40/5400+30:1800+30"]

1. d4 d5 2. c4 c6 3. Nf3 Nf6 4. Nc3 e6 5. Bg5 Nbd7 6. cxd5 exd5 7. Qc2 Be7 8. e3 Nh5 9. Bxe7 Qxe7 10. O-O-O g6 11. Bd3 Nb6 12. h3 Be6 {[%emt 0:00:26] D36: Queen's Gambit Declined: Exchange Variation: Main line (5 Bg5 c6 6 Qc2).} 13. Kb1 Ng7 14. g4 O-O-O {[%emt 0:01:12] The position is equal.} 15. Rc1 Kb8 16. a4 $5 {[%emt 0:02:09][%mdl 4] A promising side line.} Qb4 17. Be2 {[%emt 0:07:51] [#]} f6 $146 ({Predecessor:} 17... Rhe8 18. Ne5 Nc4 19. Nxc4 dxc4 20. Na2 Qe7 21. Bxc4 f5 22. Bxe6 Qxe6 23. Nb4 Re7 {½-½ (35) Toman,J (2061)-Hiermann,D (2250) Ceske Budejovice 2020}) 18. Ne1 Bf7 19. Nd3 Qe7 20. a5 Nc4 21. a6 Ne6 (21... b6 $1 $11 {remains equal.}) 22. Ka1 (22. Qa4 $16) 22... b6 $11 23. Na2 Rc8 24. Ndb4 (24. Nc3 $11 {keeps the balance.}) 24... Na5 $1 $17 {[%emt 0:00:59] White must now prevent ...c5.} 25. Qa4 {[%emt 0:08:40][%cal Rb4c6] [#]} Qd6 (25... Nxd4 $6 26. exd4 Qxe2 27. Nxc6+ Rxc6 28. Rxc6 $11) ({Black should play} 25... c5 $1 $17 26. Nxd5 Qd6) 26. Nd3 Rc7 27. Kb1 Rhc8 28. h4 Ka8 29. Qb4 Qd8 30. Bf3 g5 31. h5 {[%emt 0:02:59] Prevents Bg6.} Rd7 32. Rhd1 Rd6 33. Qa4 Be8 34. Qc2 Kb8 35. Ndb4 Rc7 36. Nc3 Re7 {[%emt 0:04:35] [#]} (36... h6 $11) 37. Ne2 $1 $16 Nc7 38. Ng3 Bd7 39. e4 $36 {[%emt 0:01:58][%mdl 2048] White is really pushing. &Bianco is more active.} Bc8 40. exd5 Nxd5 {[%emt 0:00:00] A mistake that costs the game.} (40... cxd5 $16 {was necessary.} 41. Nf5 Bxf5 42. Qxf5 Qd7) 41. Bxd5 $18 cxd5 42. Nf5 Rc7 43. Qd3 ({Weaker is} 43. Qxc7+ Qxc7 44. Rxc7 Bxf5+ 45. Rc2 (45. gxf5 Kxc7 46. Re1 Kd8 $11) 45... Bxc2+ 46. Kxc2 Nc6 $11) 43... Bxf5 44. Qxf5 Qc8 (44... Qd7 $142) 45. Qd3 Qxg4 $2 (45... Qd7 46. Qg3 Nc4) 46. Rxc7 Kxc7 47. Rc1+ Kd8 {[%emt 0:00:20] Hoping for ...Qe4.} 48. Qxh7 Qe4+ 49. Qxe4 dxe4 {[%emt 0:00:08][%mdl 4096] Endgame KRN-KRN} 50. h6 {[%emt 0:00:43] Threatening mate with h7.} Rd7 {[%emt 0:00:03] [#]} 51. Nd5 $1 Rh7 {[%emt 0:00:37] [#]} 52. Rc7 $1 Rxh6 53. Rxa7 Nc6 54. Rf7 Rh1+ 55. Ka2 Rd1 $2 (55... b5 56. Rxf6 Kd7) 56. a7 (56. Rxf6 $142 Rxd4 57. Rd6+ Kc8 58. Rxc6+ Kd7 59. Rc3 Rxd5 60. a7 Ra5+ 61. Ra3 Rxa7 62. Rxa7+ Kc6 63. Rg7) 56... Nxa7 57. Rxa7 Rxd4 (57... f5 $142 58. Rf7 f4) 58. Nxf6 {[%emt 0:00:18] Weighted Error Value: White=0.20 (precise) /Black=0.29 (precise)} 1-0

[Event "LV Capablanca Memorial Elite 2022"]
[Site "La Habana"]
[Date "2022.04.22"]
[Round "4.2"]
[White "Mareco, Sandro"]
[Black "Quesada Perez, Luis Ernesto"]
[Result "0-1"]
[ECO "A61"]
[WhiteElo "2643"]
[BlackElo "2517"]
[Annotator "TA"]
[PlyCount "64"]
[EventDate "2022.04.20"]
[EventType "tourn"]
[EventCountry "CUB"]
[SourceTitle "playchess.com"]
[Source "ChessBase"]
[SourceQuality "1"]
[TimeControl "40/5400+30:1800+30"]

1. d4 Nf6 2. c4 e6 3. Nf3 c5 4. d5 exd5 5. cxd5 d6 6. Nc3 g6 7. Bf4 a6 8. a4 Bg7 9. h3 O-O 10. e3 Re8 {[%emt 0:00:04] A61: Modern Benoni: Nf3 without early e4.} 11. Bd3 {[%emt 0:05:18] Inhibits Ne4.} Nh5 12. Bh2 Nd7 {[%emt 0:00:06] White is better.} 13. Be2 ({Stronger than} 13. Bxd6 Qb6 14. g4 Qxb2 $1 $17) 13... Qc7 14. Nd2 Nhf6 {[%emt 0:00:02] [#]} 15. O-O $146 ({Predecessor:} 15. Nc4 Ne5 16. Nxe5 dxe5 17. O-O Bf5 18. Bc4 Rad8 19. Re1 Qb6 20. e4 Bd7 21. a5 {½-½ (52) Hinrichs,P (1910)-Oberhofer,M (1713) Willingen 2017}) 15... Nb6 16. e4 Bd7 17. a5 Nc8 18. f4 {[%emt 0:06:46] aiming for e5.} Ne7 (18... b5 $16) 19. Nc4 $18 {[%emt 0:15:25] And now e5 would win.} Bb5 20. Nb6 $1 Rad8 (20... Bxe2 $142 21. Nxa8 (21. Qxe2 Rad8 $14) 21... Rxa8 22. Qxe2 Nd7) 21. Bxb5 ({Weaker is} 21. Nxb5 axb5 22. e5 (22. Bxb5 Nxe4 23. Bxe8 Rxe8 $11) 22... c4 $16) 21... axb5 22. Nxb5 Qb8 23. Qf3 Nxe4 24. Qxe4 Nf5 25. Qf3 Re3 26. Qf2 ({White must play} 26. Qd1 $1 $18) 26... Rb3 $1 $17 {[%emt 0:00:06][%csl LRb2,LRb5][%mdl 1024] Black has strong compensation.} 27. Qe2 {[%emt 0:01:02] White does not recover from this.} (27. Nc4 $17 {might work better.}) 27... Re8 $19 28. Qc4 Rb4 29. Qd3 Re3 $1 {[%emt 0:00:17][%mdl 64] Deflection} 30. Qd1 Rxb5 (30... Qe8 $142 31. Nxd6 (31. Nc7 $2 Qe4 $19) 31... Nxd6) 31. g4 $2 {[%emt 0:00:16] [#]} (31. Nc4) 31... Bd4 $1 32. Kh1 {[%emt 0:00:21] [#]} (32. gxf5 Rxb2) 32... Rxh3 {[%emt 0:03:27] Weighted Error Value: White=0.98/Black=0.25 (precise)} 0-1

[Event "LV Capablanca Memorial Elite 2022"]
[Site "La Habana"]
[Date "2022.04.22"]
[Round "4.3"]
[White "Durarbayli, Vasif"]
[Black "Niemann, Hans Moke"]
[Result "1/2-1/2"]
[ECO "C65"]
[WhiteElo "2615"]
[BlackElo "2642"]
[Annotator "TA"]
[PlyCount "54"]
[EventDate "2022.04.20"]
[EventType "tourn"]
[EventCountry "CUB"]
[SourceTitle "playchess.com"]
[Source "ChessBase"]
[SourceQuality "1"]
[TimeControl "40/5400+30:1800+30"]

1. e4 e5 2. Nf3 Nc6 3. Bb5 Nf6 4. d3 Bc5 5. Bxc6 dxc6 6. Nbd2 {[%emt 0:00:04] C65: Ruy Lopez: Berlin Defence (3...Nf6), unusual lines and 4 0-0 Bc5.} Be6 7. O-O Qd6 8. Nb3 {[%emt 0:07:59] White has an edge.} Bb6 {[%emt 0:03:37] [#] The position is equal.} 9. Qe1 $146 ({Predecessor:} 9. Be3 Bxe3 10. fxe3 c5 11. Nbd2 O-O 12. a4 Ne8 13. Ng5 f6 14. Nxe6 Qxe6 15. Qh5 {½-½ (91) Wang,H (2756)-Navara,D (2707) Jerusalem 2019}) 9... a5 10. Be3 a4 11. Nbd2 Nd7 12. Ng5 O-O 13. a3 Rfe8 14. Nxe6 Qxe6 15. Nc4 Bd4 16. f4 b5 17. Bxd4 exd4 18. Nd2 f5 19. Qf2 c5 20. h3 Nf6 21. Rfe1 Rad8 22. Kh2 h6 23. Re2 Re7 24. b3 Rde8 25. bxa4 bxa4 26. Ree1 fxe4 27. Nxe4 Nxe4 {[%emt 0:01:23] A rather calm draw.  Weighted Error Value: White=0.04 (flawless) /Black=0.04 (flawless)} 1/2-1/2

[Event "LV Capablanca Memorial Elite 2022"]
[Site "La Habana"]
[Date "2022.04.22"]
[Round "4.4"]
[White "Ganguly, Surya Shekhar"]
[Black "Almeida Quintana, Omar"]
[Result "1-0"]
[ECO "B06"]
[WhiteElo "2627"]
[BlackElo "2535"]
[Annotator "TA"]
[PlyCount "39"]
[EventDate "2022.04.20"]
[EventType "tourn"]
[EventCountry "CUB"]
[SourceTitle "playchess.com"]
[Source "ChessBase"]
[SourceQuality "1"]
[TimeControl "40/5400+30:1800+30"]

1. e4 g6 2. d4 Bg7 3. Nc3 d6 4. Be3 a6 5. h4 h5 6. Nh3 {[%emt 0:00:10] B06: Modern Defence.} Bxh3 7. Rxh3 Nd7 {[%emt 0:02:18] [#]} 8. Qe2 $146 {[%emt 0:00:28] White is slightly better.} ({Predecessor:} 8. Qd2 Ngf6 9. O-O-O c6 10. Kb1 Qa5 11. Bd3 O-O-O 12. Rg3 Ng4 13. Bg5 Bxd4 14. Bxe7 {0-1 (78) Plazuelo Pascual,J (2458)-Sunilduth Lyna,N (2662) Chess.com INT 2022}) 8... c6 9. O-O-O Qc7 10. Bg5 {[%emt 0:05:13] &Bianco is more active.} Ngf6 11. f4 Nh7 12. e5 {[%emt 0:00:55][%cal Og5e7] Threatens to win with Bxe7!} Nb6 $2 {[%emt 0:03:57][%mdl 8192] This move loses the game for Black.} (12... Nxg5 $14 13. hxg5 dxe5) 13. exd6 $18 {[%emt 0:02:48] White is clearly winning.} Qxd6 {[%emt 0:01:29] [#]} 14. Bxe7 Qxe7 15. Re3 Qxe3+ 16. Qxe3+ Kf8 17. d5 Nxd5 18. Nxd5 cxd5 19. Qc5+ Kg8 20. Qxd5 {[%emt 0:00:04] Weighted Error Value: White=0.02 (flawless) /Black=0.49} 1-0

[Event "LV Capablanca Memorial Elite 2022"]
[Site "La Habana"]
[Date "2022.04.22"]
[Round "4.5"]
[White "Quesada Perez, Yasser"]
[Black "Albornoz Cabrera, Carlos Daniel"]
[Result "0-1"]
[ECO "B52"]
[WhiteElo "2568"]
[BlackElo "2567"]
[Annotator "TA"]
[PlyCount "170"]
[EventDate "2022.04.20"]
[EventType "tourn"]
[EventCountry "CUB"]
[SourceTitle "playchess.com"]
[Source "ChessBase"]
[SourceQuality "1"]
[TimeControl "40/5400+30:1800+30"]

1. e4 c5 2. Nf3 d6 3. Bb5+ Bd7 4. Bxd7+ Qxd7 5. O-O Nc6 6. c3 d5 7. exd5 Qxd5 8. d4 e6 9. Be3 cxd4 10. cxd4 Nf6 11. Nc3 Qa5 12. a3 Nd5 13. Qb3 Qb6 14. Qc4 Rd8 15. b4 Be7 16. Rac1 a6 17. Nxd5 exd5 18. Qd3 O-O 19. Ne5 a5 20. b5 Nxe5 21. dxe5 d4 22. Bf4 a4 $1 23. Rc2 (23. e6 $15 Qxe6 24. Rfe1) 23... Rd5 $1 $17 24. Rb1 Qg6 25. Rd1 Bxa3 26. Ra2 Qxd3 27. Rxd3 Rxb5 28. g3 Bb2 29. Rxa4 Bc3 30. Rc4 Rb1+ 31. Kg2 b5 32. Rc7 Re1 33. Rb7 b4 34. Bg5 Rxe5 35. Be7 Rxe7 36. Rxe7 Rb8 37. Rd1 b3 38. Rb1 b2 39. Kf3 Kf8 40. Rc7 Rb6 41. h4 (41. Ke2 $15) 41... g6 $17 42. Ke2 Kg7 43. Kd3 Kf6 44. Rc5 (44. g4 $142) 44... Ke6 45. Rc7 h5 $1 46. Rc5 f6 47. Kc4 Rb4+ 48. Kd3 Kd6 49. Rc8 (49. Ra5 $17 {was called for.}) 49... Rb5 $2 (49... Ra4 $19 {has better winning chances.} 50. Kc2 Ra1 51. Rd8+ Ke5) 50. Rg8 (50. Ra8 $17) 50... Ke6 $19 51. Ke4 ({But not} 51. Rxg6 $2 Kf7 52. Rh6 Kg7 53. Rxh5 Rxh5 $19) (51. Ra8 $142) 51... Re5+ 52. Kd3 Rf5 53. Re8+ Kd6 54. Re2 Rb5 55. Kc4 Rb4+ 56. Kd3 Kd5 57. Re8 Rb5 58. Rc8 Ke5 (58... Ra5 $1 $19 {[%cal Ra5a1] And now ...Ra1 would win.} 59. Rd8+ Ke5) 59. Rc6 (59. Ra8 $17) 59... Kf5 (59... Ra5 $1 $19 {[%cal Ra5a1] Threatens to win with ...Ra1.} 60. Rb6 Ra1 61. R1xb2 Bxb2 62. Rb5+ Kd6 63. Rxb2 Kc5) 60. f3 (60. Ra6 $17 {only move.}) 60... Re5 $2 (60... Ra5 $1 $19 {[%cal Ra5a1] Hoping for ...Ra1.} 61. Kc2 Ke5) 61. g4+ $1 $11 hxg4 62. fxg4+ Kxg4 63. Rxf6 Kh5 64. Rg1 {[%emt 0:06:21] [#]} (64. Rb6 $11) 64... Rb5 (64... Re3+ $1 $17 65. Kc2 Re2+ 66. Kb1 d3) 65. Kc2 Bd2 66. Kxd2 b1=Q 67. Rxb1 Rxb1 68. Kd3 $2 (68. Rd6 $11) 68... Rg1 $19 69. Kxd4 {[%emt 0:00:09] [#]} Rg3 $1 70. Rf8 Kxh4 71. Ke4 g5 72. Rg8 Kg4 73. Rg7 Ra3 74. Rg8 Kh4 75. Kf5 Rf3+ 76. Ke4 g4 77. Rg7 Kh3 78. Rg8 Rf2 79. Ke3 g3 80. Rg7 Kh2 81. Rg8 Rf7 82. Ke2 g2 83. Rh8+ Kg1 84. Ra8 Rh7 85. Kf3 Kh1 0-1

[Event "LV Capablanca Memorial Elite 2022"]
[Site "La Habana"]
[Date "2022.04.23"]
[Round "5.1"]
[White "Albornoz Cabrera, Carlos Daniel"]
[Black "Yilmaz, Mustafa"]
[Result "1/2-1/2"]
[ECO "B97"]
[WhiteElo "2567"]
[BlackElo "2627"]
[Annotator "TA"]
[PlyCount "64"]
[EventDate "2022.04.20"]
[EventType "tourn"]
[EventCountry "CUB"]
[SourceTitle "playchess.com"]
[Source "ChessBase"]
[SourceQuality "1"]
[TimeControl "40/5400+30:1800+30"]

1. e4 c5 2. Nf3 d6 3. d4 cxd4 4. Nxd4 Nf6 5. Nc3 a6 6. Bg5 e6 7. f4 Qb6 8. Qd3 Qxb2 {[%emt 0:00:12] B97: Sicilian Najdorf: Poisoned Pawn.} 9. Rb1 Qa3 10. f5 Qa5 11. Qc4 Nbd7 {[%emt 0:00:31] [#]} 12. fxe6 $1 Qxg5 13. exf7+ Ke7 {[%emt 0:00:08] Strongly threatening ...Ne5.} 14. Qe6+ Kd8 {[%emt 0:00:05] [#]} 15. Qe8+ $1 Nxe8 16. Ne6+ Ke7 17. fxe8=Q+ (17. Nxg5 $2 {perishes.} Nef6 18. Bc4 h6 $19) 17... Kxe8 18. Nxg5 Nc5 19. Nd5 Be7 20. Nc7+ {[%emt 0:00:58] Pair of Knights!} Kd8 21. Nxa8 {[%emt 0:00:06] Threatens to win with Nf7+.} Bxg5 22. Nb6 {[%emt 0:05:47] The position is equal.} Nxe4 {[%emt 0:01:17] White must now prevent ...Bd2+.} 23. Nxc8 Kxc8 24. Bd3 Re8 25. Bxe4 Rxe4+ $11 {[%emt 0:00:05][%mdl 4096] Endgame KRR-KRB} 26. Kf2 {[%emt 0:00:05] [#]} Ra4 $146 ({Predecessor:} 26... Rf4+ 27. Ke2 Re4+ 28. Kd3 Re3+ 29. Kc4 Bf6 30. Rhe1 Ra3 {½-½ (30) Janosi,E (2212)-McLeod,S (2152) LSS email 2009}) 27. Rb2 b5 28. c3 Kd7 29. Rc2 Kc6 30. Re1 Bf6 31. Ke3 Ra3 32. Kd2 d5 {[%emt 0:01:50] Weighted Error Value: White=0.03 (flawless) /Black=0.03 (flawless)} 1/2-1/2

[Event "LV Capablanca Memorial Elite 2022"]
[Site "La Habana"]
[Date "2022.04.23"]
[Round "5.2"]
[White "Almeida Quintana, Omar"]
[Black "Quesada Perez, Yasser"]
[Result "1/2-1/2"]
[ECO "D14"]
[WhiteElo "2535"]
[BlackElo "2568"]
[Annotator "TA"]
[PlyCount "42"]
[EventDate "2022.04.20"]
[EventType "tourn"]
[EventCountry "CUB"]
[SourceTitle "playchess.com"]
[Source "ChessBase"]
[SourceQuality "1"]
[TimeControl "40/5400+30:1800+30"]

1. d4 d5 2. c4 c6 3. Nf3 Nf6 4. cxd5 cxd5 5. Nc3 Nc6 6. Bf4 Bf5 7. e3 e6 8. Bd3 Bxd3 9. Qxd3 Bd6 10. Bxd6 Qxd6 11. O-O O-O 12. Rfc1 Rfc8 13. h3 h6 {[%emt 0:00:07] [#]} {Predecessor:} 14. Nd2 $146 {D14: Slav Defence: Exchange variation with ...Bf5.} Nd7 15. a3 a6 16. Rc2 Ne7 17. Rac1 Rc6 18. Ne2 Rac8 19. Rxc6 Rxc6 20. Rxc6 Qxc6 21. Qc3 g5 {½-½ (36) Li,D (2579)-Ma,Q (2645) Hangzhou 2022} 1/2-1/2